 Dungeon Crawl Stone Soup version 0.29-a0-25-g7f48f510a0 (webtiles) character file.

Game seed: 7956688685566556974

116 DrNumbo the Grave Robber (level 4, -3/24 (33) HPs)
             Began as a Demonspawn Necromancer on Jan 31, 2022.
             Slain by a necrophage (7 damage)
             ... on level 4 of the Dungeon.
             The game lasted 00:19:50 (3267 turns).

DrNumbo the Grave Robber (Demonspawn Necromancer)   Turns: 3267, Time: 00:19:50

HP:   -3/24 (33)    AC:  5    Str:  8    XL:     4   Next: 69%
MP:   17/17         EV: 10    Int: 19    God:
Gold: 88            SH:  7    Dex: 13    Spells: 3/8 levels left

rFire   + . .      SeeInvis .   k - staff of conjuration
rCold   x . .      Faith    .   g - +0 kite shield
rNeg    . . .      Spirit   .   a - +0 robe
rPois   .          Reflect  .   (no helmet)
rElec   .          Harm     .   (no cloak)
rCorr   .          Rampage  .   (no gloves)
Will    .....                   (no boots)
Stlth   ++........              (no amulet)
HPRegen 0.08/turn               d - ring of fire
MPRegen 0.15/turn               f - ring of magical power

@: very heavily drained
A: molten scales 2, demonic magic 1
a: no special abilities


You were on level 4 of the Dungeon.
You visited 1 branch of the dungeon, and saw 4 of its levels.

You collected 88 gold pieces.

Inventory:

Hand Weapons
 b - a +0 club
 h - a +0 short sword
 j - a +0 dagger
 p - a +2 mace of protection
Armour
 a - a +0 robe (worn)
 g - a +0 kite shield (worn)
 i - a +0 robe
 q - a +4 scale mail
Magical Staves
 k - a staff of conjuration (weapon)
 t - a staff of poison
Jewellery
 d - a ring of fire (left hand)
 f - a ring of magical power (right hand)
Wands
 s - a wand of digging (3) (quivered)
Scrolls
 c - 5 scrolls of identify {unknown}
 l - 2 scrolls of fog
Potions
 e - a potion of might {unknown}
 n - a potion of ambrosia


   Skills:
 + Level 1.6 Fighting
 - Level 2.0 Dodging
 - Level 2.0 Stealth
 + Level 2.8 Spellcasting
 * Level 5.6 Necromancy


You had 3 spell levels left.
You knew the following spells:

 Your Spells              Type           Power      Damage    Failure   Level
a - Pain                  Necr           92%        1d8       6%          1
b - Animate Skeleton      Necr           46%        N/A       6%          1
c - Vampiric Draining     Necr           23%        2d7       17%         3

Your spell library contained the following spells:

 Spells                   Type           Power      Damage    Failure   Level
 Animate Dead             Necr           11%        N/A       50%         4
 Agony                    Necr           23%        N/A       85%         5


Dungeon Overview and Level Annotations

Branches:
Dungeon (4/15)
 Temple: D:4-7

Altars:
Fedhas


Innate Abilities, Weirdness & Mutations

You are mostly covered in molten scales. (AC +3)
Spells you cast may paralyse adjacent enemies.


Message History

You hit the necrophage but do no damage.
The necrophage is moderately damaged.
The necrophage hits you.
You feel drained. The necrophage hits you.
You feel drained.
You hit the necrophage.
The necrophage is heavily damaged.
The necrophage barely misses you.
You hit the necrophage.
The necrophage is severely damaged.
The necrophage barely misses you. The necrophage hits you.
You hit the necrophage.
The necrophage is severely damaged.
The necrophage hits you.
* * * LOW HITPOINT WARNING * * *
You feel drained.
You feel better. The necrophage hits you.
You hit the necrophage but do no damage.
The necrophage is severely damaged.
The necrophage hits you.
* * * LOW HITPOINT WARNING * * *
You hit the necrophage.
The necrophage is severely damaged.
The necrophage closely misses you.
The necrophage hits you but does no damage.
You closely miss the necrophage.
The necrophage is severely damaged.
The necrophage misses you.
You closely miss the necrophage.
The necrophage is severely damaged.
The necrophage hits you.
* * * LOW HITPOINT WARNING * * *
The necrophage barely misses you.
Okay, then.
As you read the scroll labelled REFRAOCIEQO, it crumbles to dust.
The scroll dissolves into smoke.
It was a scroll of fog.
The necrophage closely misses you.
You hit the necrophage.
The necrophage is severely damaged.
The necrophage hits you!
You die...

#.PP. #.# #.# .# .PP_P. #.#
#.# ..# #PPP.. #.# #.# ..#
..PPP.### #.# ##.####..#
#.......###.# #........###.
.........##.# #....#.......
.........##§#####............
..#.........§§§§.............
#...##...§§n@§§........>..
#... #..#§§§§§§.......#...
#.. #..#######......## .#
.... ....# #....#.# # .###
.##.## #.####.# # #.# #.# .#
#.. ..# ## ## ###


You could see a necrophage.

Vanquished Creatures
  Terence (D:3)
  An adder (D:3)
  An adder skeleton (D:4)
  2 dart slugs
  3 orcs
  6 endoplasms
  2 giant cockroaches
  7 hobgoblins
  7 jackals
  A quokka (D:3)
  7 ball pythons
  8 bats
  2 frilled lizards (D:1)
  3 goblins
  8 kobolds
  7 rats
66 creatures vanquished.

Vanquished Creatures (collateral kills)
  A ball python (D:3)
  A rat (D:1)
2 creatures vanquished.

Vanquished Creatures (others)
  A plant (D:4)
1 creature vanquished.

Grand Total: 69 creatures vanquished

Notes
Turn   | Place    | Note
-------+----------+-------------------------------------------
     0 | D:1      | DrNumbo the Demonspawn Necromancer began the quest for the
                  | Orb.
     0 | D:1      | Reached XP level 1. HP: 13/13 MP: 3/3
    19 | D:1      | Learned a level 1 spell: Animate Skeleton
   543 | D:1      | Gained mutation: You are partially covered in molten
                  | scales. (AC +2) [demonic ancestry]
   543 | D:1      | Reached XP level 2. HP: 14/19 MP: 5/5
  1211 | D:1      | Gained mutation: Spells you cast may paralyse adjacent
                  | enemies. [demonic ancestry]
  1211 | D:1      | Reached XP level 3. HP: 25/25 MP: 6/6
  1572 | D:2      | Learned a level 3 spell: Vampiric Draining
  1830 | D:2      | Reached skill level 1 in Fighting
  1830 | D:2      | Reached skill level 5 in Necromancy
  2661 | D:3      | Gained mutation: You are mostly covered in molten scales.
                  | (AC +3) [demonic ancestry]
  2661 | D:3      | Reached XP level 4. HP: 20/32 MP: 7/7
  2903 | D:3      | Noticed Terence
  2910 | D:3      | Killed Terence
  3189 | D:3      | You fall into a shaft and drop 1 floor!
  3223 | D:4      | Found a blossoming altar of Fedhas.
  3224 | D:4      | Noticed a necrophage
  3267 | D:4      | Slain by a necrophage

Illustrated notes

Levels and vault maps discovered:
D:1:      dpeg_arrival_rooms_a, layout_loops_ring, bh_walls_and_bars
D:2:      layout_loops_cross
D:3:      minmay_chambers_of_threes, layout_loops_ring,
          nicolae_hepliaklqana_hippocampus, uniq_terence
D:4:      layout_loops_ring, fedhas_altar_3, kennysheep_another_room,
          ebering_dispersal_statue_hall

Skill      XL: |  1  2  3 |
---------------+----------+-----
Dodging        | 2 |  2.0
Stealth        | 2 |  2.0
Fighting       | 1 |  1.6
Necromancy     | 5 |  5.6
Spellcasting   | |  2.8

Action                   |  1- 3 |  4- 6 || total
-------------------------+-------+-------++-------
Melee: Club              |     7 |       ||     7
       Unarmed           |     2 |       ||     2
       Short sword       |     3 |       ||     3
       Staff             |     7 |    40 ||    47
 Cast: Pain              |    93 |    28 ||   121
       Animate Skeleton  |    10 |     2 ||    12
       Vampiric Draining |     1 |       ||     1
  Use: Potion            |     1 |     5 ||     6
       Scroll            |       |     3 ||     3
Armor: Robe              |     5 |    11 ||    16
Dodge: Dodged            |    16 |    22 ||    38
Block: Kite shield       |     9 |    15 ||    24

Table legend: (Time is in decaauts)
 A = Elapsed time spent in this place.
 B = Non-inter-level travel time spent in this place.
 C = Inter-level travel time spent in this place.
 D = Time resting spent in this place.
 E = Time spent auto-exploring this place.
 F = Levels seen in this place.
 G = Mean time per level.
                   A        B        C        D        E       F      G
               +--------+--------+--------+--------+--------+-----+--------+
         Total |   3299 |   2777 |    522 |      0 |   2296 |   4 |  824.8 |
       Dungeon |   3299 |   2777 |    522 |      0 |   2296 |   4 |  824.8 |
               +--------+--------+--------+--------+--------+-----+--------+

Top non-repeatable levels by time:
     D:1: 1579 daAuts
     D:2: 959 daAuts
     D:3: 668 daAuts
     D:4: 92 daAuts
